 Dungeon Crawl Stone Soup version 0.29.1-15-g9cfb28693d (webtiles) character file.

Game seed: 13307648115797214797

1377 VictoriousLee the Zephyrmancer (level 8, -11/52 HPs)
             Began as a Barachi Summoner on Mar 20, 2023.
             Was an Initiate of Gozag.
             Mangled by a two-headed ogre
             ... wielding a +0 giant club
              (22 damage)
             ... on level 7 of the Dungeon on Oct 27, 2023.
             The game lasted 00:52:32 (7406 turns).

VictoriousLee the Zephyrmancer (Barachi Summoner)   Turns: 7406, Time: 00:52:34

Health: -11/52     AC:  4    Str:  9    XL:     8   Next: 66%
Magic:  6/14       EV: 16    Int: 18    God:    Gozag
Gold:   506        SH:  0    Dex: 13    Spells: 0/15 levels left

rFire   . . .      SeeInvis .   q - +0 short sword (flame)
rCold   . . .      Faith    .   (no shield)
rNeg    . . .      Spirit   .   a - +0 robe
rPois   +          Reflect  .   w - +1 helmet
rElec   .          Harm     .   (no cloak)
rCorr   .          Rampage  .   (no gloves)
Will    .....                   (no boots)
Stlth   ++........              (no amulet)
HPRegen 0.17/turn               h - +4 ring of evasion
MPRegen 0.14/turn               J - ring of poison resistance

@: gold aura, slow
A: amphibious, slowness 1, strong legs 1, +LOS
a: Hop, Renounce Religion, Potion Petition, Call Merchant, Bribe Branch


You were on level 7 of the Dungeon.
You worshipped Gozag.
Gozag was pleased with you.
You visited 1 branch of the dungeon, and saw 7 of its levels.

You collected 604 gold pieces.
You paid 98 gold pieces to Gozag.

Inventory:

Hand Weapons
 q - a +0 short sword of flaming (weapon)
 D - a +1 sling of flaming
 H - a +0 trident
 L - a +0 falchion
Missiles
 g - 6 boomerangs
 x - 16 poisoned darts
 M - 2 throwing nets
 O - 3 javelins
Armour
 a - a +0 robe (worn)
 w - a +1 helmet (worn)
 C - a +0 scale mail
 G - a +0 ring mail
Jewellery
 h - a +4 ring of evasion (left hand)
 p - a +6 ring of dexterity
 s - an amulet of guardian spirit
 J - a ring of poison resistance (right hand)
 K - a ring of resist corrosion
Wands
 r - a wand of light (16)
 y - a wand of flame (48)
Scrolls
 c - a scroll of poison {unknown}
 d - 2 scrolls of amnesia {unknown}
 e - 2 scrolls of teleportation
 k - a scroll of enchant armour {unknown}
 m - 3 scrolls of fog {unknown}
 n - a scroll of silence {unknown}
 o - 2 scrolls of enchant weapon {unknown}
 t - 3 scrolls of noise
 v - 2 scrolls of immolation {unknown}
 B - a scroll of acquirement {unknown}
 F - a scroll of magic mapping
 I - a scroll of fear
 P - a scroll of blinking
Potions
 b - a potion of magic
 f - a potion of attraction
 j - 2 potions of lignification
 l - a potion of invisibility
 u - a potion of curing
 N - a potion of brilliance


   Skills:
 - Level 2.1 Dodging
 - Level 1.7 Stealth
 - Level 4.3 Spellcasting
 - Level 7.0 Summonings
 + Level 9.4 Air Magic


You couldn't memorise any spells.
You knew the following spells:

 Your Spells              Type           Power      Damage    Failure   Level
a - Airstrike             Air            18%        2d(3-19)  3%          4
b - Summon Small Mammal   Summ           100%       N/A       1%          1
c - Call Canine Familiar  Summ           29%        N/A       2%          3
i - Call Imp              Summ           29%        N/A       1%          2
s - Summon Lightning Spi  Summ/Air       33%        N/A       4%          4
z - Shock                 Conj/Air       80%        1d8       1%          1

Your spell library contained the following spells:

 Spells                   Type           Power      Damage    Failure   Level
 Swiftness                Air            37%        N/A       1%          3
 Static Discharge         Conj/Air       20%        3-6/arc   3%          2
 Summon Guardian Golem    Hex/Summ       16%        N/A       10%         3
 Scorch                   Fire           6%         2d5       22%         2
 Summon Cactus Giant      Summ           14%        N/A       77%         6
 Dispel Undead            Necr           3%         3d7       80%         4
 Flame Wave               Conj/Fire      3%         2d5       80%         4
 Sticky Flame             Conj/Fire      3%         2d3       80%         4


Dungeon Overview and Level Annotations

Branches:
Dungeon (7/15)             Temple (0/1) D:5

Altars:
Gozag
Nemelex Xobeh
Xom

Shops:
D:6 (

Annotations:
D:3 3 runed translucent doors, zeram's ghost, amateur HOFi


Innate Abilities, Weirdness & Mutations

You are amphibious.
You cover ground slowly.
You can hop short distances.
You have an extended range of vision and can be seen from far away.


Message History

Your lightning spire shoots out a bolt of lightning at the orc warrior!
The bolt of electricity hits the orc warrior.
The bolt of electricity hits the orc warrior!
The orc warrior dies!
The bolt of electricity hits your lightning spire.
Your lightning spire completely resists.
The bolt of electricity hits your lightning spire.
Your lightning spire completely resists.
Your hound bites the orc but does no damage.
Found 6 stones.
Found a stone staircase leading down.
Your hound bites the orc but does no damage.
The orc closely misses you. The orc barely misses your hound.
Your hound bites the orc.
The orc barely misses you. The orc closely misses your hound.
You barely miss the orc.
The orc is moderately wounded.
Your hound bites the orc but does no damage.
The orc hits you with a +0 war axe. The orc misses your hound.
The two-headed ogre is distracted by your dazzling golden aura.
You hit the orc but do no damage.
The orc is moderately wounded.
Your hound bites the orc but does no damage.
Your hound bites the orc.
The orc dies!
Your hound bites the orc.
The orc dies!
Your lightning spire shoots out a bolt of lightning at the two-headed ogre!
The bolt of electricity hits the two-headed ogre!
The two-headed ogre is no longer distracted by gold.
The bolt of electricity hits the orc wizard!
Your hound bites the two-headed ogre.
You barely miss the two-headed ogre.
The two-headed ogre is moderately wounded.
Your hound bites the two-headed ogre.
The two-headed ogre hits you with a +0 giant club!!
Ouch! That really hurt!
* * * LOW HITPOINT WARNING * * *
The two-headed ogre hits you with a +0 giant spiked club!!
You die...
Your body crumbles into a pile of gold.

### ..# ..#
#.# #.#
#.### #.#.#
###
#.@O##.....
#..ho...#
#8$##......
#)$## #.###
#..)## .(
##.).# >#
#...#.#
#...###.#
##.. #.#


You could see a two-headed ogre (ally target), an orc wizard (distracted), a
friendly lightning spire (summoned) and a friendly hound (summoned).

Vanquished Creatures
  An ice beast (D:3)
  An ogre (D:6)
  A scorpion (D:4)
  4 hounds
  An iguana (D:6)
  Natasha (D:3)
  2 orc wizards
  A gnoll (D:6)
  3 adders
  An ufetubus (D:5)
  A dart slug (D:5)
  2 orcs
  4 bats (D:1)
  A giant cockroach (D:4)
  4 goblins
  6 hobgoblins
  3 jackals (D:2)
  A quokka (D:1)
  7 ball pythons
  2 frilled lizards (D:1)
  A rat (D:1)
  A butterfly (D:6)
49 creatures vanquished.

Vanquished Creatures (collateral kills)
  An orc warrior (D:7)
  A black bear (D:6)
  An ogre (D:5)
  A gnoll sergeant (D:5)
  A hound (D:5)
  2 jellies (D:4)
  2 orc priests
  2 iguanas
  Natasha (twice) (D:3)
  2 orc wizards (D:7)
  6 gnolls
  8 adders
  A shadow imp (D:5)
  An ufetubus (D:5)
  2 worms
  16 orcs
  2 bats
  7 endoplasms
  4 goblins
  4 hobgoblins
  2 jackals (D:2)
  4 quokkas
  3 ball pythons (D:1)
  2 frilled lizards
  6 kobolds
  3 rats
  A butterfly (D:6)
87 creatures vanquished.

Vanquished Creatures (others)
  4 plants (D:3)
4 creatures vanquished.

Grand Total: 140 creatures vanquished

Notes
Turn   | Place    | Note
-------+----------+-------------------------------------------
     0 | D:1      | VictoriousLee the Barachi Summoner began the quest for the
                  | Orb.
     0 | D:1      | Reached XP level 1. HP: 13/13 MP: 3/3
    19 | D:1      | Reached skill level 5 in Summonings
   438 | D:1      | Reached XP level 2. HP: 19/19 MP: 1/5
   613 | D:1      | Learned a level 2 spell: Call Imp
   973 | D:1      | Reached XP level 3. HP: 24/24 MP: 2/6
  1305 | D:1      | Found a faded altar of an unknown god.
  2387 | D:2      | Reached XP level 4. HP: 28/30 MP: 5/8
  2388 | D:2      | Reached skill level 1 in Air Magic
  2395 | D:2      | Learned a level 3 spell: Call Canine Familiar
  2860 | D:3      | Found a runed translucent gate.
  2860 | D:3      | Found a runed translucent gate.
  2860 | D:3      | Found a runed translucent gate.
  2860 | D:3      | Noticed zeram's ghost (amateur HOFi)
  2913 | D:3      | Found a sparkling altar of Nemelex Xobeh.
  3135 | D:3      | Reached XP level 5. HP: 34/35 MP: 9/9
  3202 | D:3      | Noticed Natasha
  3202 | D:3      | Noticed an ice beast
  3211 | D:3      | Killed Natasha
  3220 | D:3      | Killed an ice beast
  3221 | D:3      | Reached skill level 3 in Air Magic
  3221 | D:3      | Reached XP level 6. HP: 20/41 MP: 3/10
  3322 | D:3      | Noticed Natasha
  3330 | D:3      | Killed Natasha
  3331 | D:3      | Reached skill level 4 in Air Magic
  3659 | D:3      | Noticed Natasha
  3667 | D:3      | Killed Natasha
  3675 | D:3      | Learned a level 4 spell: Summon Lightning Spire
  4222 | D:4      | Reached skill level 5 in Air Magic
  4240 | D:4      | Reached XP level 7. HP: 20/46 MP: 3/11
  4617 | D:4      | Reached skill level 6 in Air Magic
  4954 | D:5      | Entered Level 5 of the Dungeon
  5259 | D:5      | Reached skill level 7 in Air Magic
  5264 | D:5      | Found an opulent altar of Gozag.
  5524 | D:5      | Became a worshipper of Gozag Ym Sagoz the Greedy
  5634 | D:5      | Found a staircase to the Ecumenical Temple.
  6018 | D:6      | Reached XP level 8. HP: 47/52 MP: 8/13
  6254 | D:6      | Reached skill level 8 in Air Magic
  6274 | D:6      | Learned a level 1 spell: Shock
  6494 | D:6      | Found a shimmering altar of Xom.
  6892 | D:6      | Found Rarphi's Weapon Shop.
  7059 | D:6      | Learned a level 4 spell: Airstrike
  7139 | D:7      | Noticed a shadow
  7389 | D:7      | Reached skill level 9 in Air Magic
  7396 | D:7      | Noticed a two-headed ogre
  7406 | D:7      | Mangled by a two-headed ogre

Illustrated notes

Levels and vault maps discovered:
D:1:      minmay_arrival_shoal_huts, layout_basic, serial_aquarium,
          aquarium_bridge_square [aquarium_subvault_bridge,
          aquarium_subvault_bridge, aquarium_subvault_wall,
          aquarium_subvault_wall], aquarium_window_fake, aquarium_window_1,
          aquarium_view_2f, aquarium_view_2b, basic_ecumenical_altar,
          minmay_shallow_snake_nest
D:2:      minmay_door_path, layout_loops_ring
D:3:      layout_rooms, mainiacjoe_overflow_chevrons,
          gammafunk_ghost_necromancy, uniq_natasha
D:4:      layout_loops_ring, minmay_misc_feat_alley
D:5:      layout_loops_ring, nicolae_gozag_seed_capital,
          minmay_temple_entry_butterflies
D:6:      layout_loops_cross, xom_butterflies, serial_shops,
          nicolae_lakefront_shop, minmay_misc_feat_plants,
          hangedman_decor_points, kennysheep_small_circle
D:7:      layout_rooms, good_gods_temple_1, mainiacjoe_overflow_paths,
          nicolae_sif_muna_little_library

Skill      XL: |  1  2  3  4  5  6  7  8 |
---------------+-------------------------+-----
Summonings     | 5 6 7 |  7.0
Spellcasting   | 3 4 |  4.3
Air Magic      | 1 3 5 7 9 |  9.4
Dodging        | |  2.1
Stealth        | |  1.7

Action                   |  1- 3 |  4- 6 |  7- 9 || total
-------------------------+-------+-------+-------++-------
Melee: Short sword       |    93 |    62 |    40 ||   195
       Unarmed           |     5 |       |       ||     5
       Punch             |     1 |     2 |       ||     3
 Fire: Sling             |       |       |    31 ||    31
 Cast: Summon Small Mamm |    13 |     1 |     1 ||    15
       Call Imp          |    28 |    13 |     5 ||    46
       Call Canine Famil |       |     7 |    14 ||    21
       Summon Lightning  |       |       |    19 ||    19
       Shock             |       |       |    14 ||    14
       Airstrike         |       |       |     1 ||     1
 Abil: Hop               |       |       |     1 ||     1
Evoke: Wand              |       |       |     1 ||     1
  Use: Scroll            |       |     7 |     4 ||    11
       Potion            |       |       |     1 ||     1
 Stab: Sleeping          |     2 |     1 |     1 ||     4
Armor: Robe              |    32 |     9 |    13 ||    54
Dodge: Dodged            |    91 |    61 |    61 ||   213
